 Dungeon Crawl Stone Soup version 0.31-a0-702-gf82c85558f (webtiles) character file.

Game seed: 13797539021799180170

51 qw the Shooter (level 3, 0/22 HPs)
             Began as a Gargoyle Hunter on Sept 8, 2023.
             Slain by a goblin
             ... wielding a +0 club
             ... led by Robin
              (5 damage)
             ... on level 2 of the Dungeon.
             The game lasted 00:00:22 (948 turns).

qw the Shooter (Gargoyle Hunter)                     Turns: 948, Time: 00:00:23

Health: 0/22       AC:  8    Str: 14    XL:     3   Next: 83%
Magic:  3/3        EV: 10    Int:  9    God:
Gold:   5          SH:  0    Dex: 15    Spells: 2/2 levels left

rFire   . . .        Y - +0 shortbow
rCold   . . .        (shield currently unavailable)
rNeg    + . .        i - +0 ring mail
rPois   inf          (no helmet)
rElec   +            (no cloak)
rCorr   .            (no gloves)
SInv    .            (no boots)
Will    .....        (no amulet)
Stlth   +            (no ring)
HPRegen 0.23/turn    (no ring)
MPRegen 0.08/turn

%: no passive effects
@: about to teleport
A: sickness immunity, AC +3, negative energy resistance 1, electricity
resistance, torment resistance 1, petrification resistance
a: no special abilities


You were on level 2 of the Dungeon.
You visited 1 branch of the dungeon, and saw 2 of its levels.

You collected 5 gold pieces.


Innate Abilities, Weirdness & Mutations

You are immune to sickness and miasma.
Your stone body is resilient. (AC +3)
You are immune to poison.
You resist negative energy. (rN+)
You are resistant to electric shocks. (rElec)
You are resistant to unholy torment.
You are immune to petrification.


   Skills:
 + Level 2.7 Fighting
 - Level 5.0 Ranged Weapons
 - Level 1.0 Armour
 - Level 1.5 Dodging
 - Level 1.1 Stealth


You had 2 spell levels left.
You didn't know any spells.
Your spell library was empty.

Inventory:

Hand Weapons
 Y - a +0 shortbow (weapon)
Armour
 i - a +0 ring mail (worn)
Scrolls
 a - a scroll of identify
Potions
 e - a potion of enlightenment

Dungeon Overview and Level Annotations

Branches:
Dungeon (2/15)

Altars:

Annotations:
D:2 Robin


Message History

The kobold barely misses you. The goblin hits you with a +0 club.
A hobgoblin comes into view.
The quokka barely misses you.
You shoot an arrow. The arrow closely misses the quokka.
The arrow hits the hobgoblin but does no damage.
Robin hits you but does no damage. The goblin hits you but does no damage.
The kobold completely misses you.
A hobgoblin comes into view.
The quokka bites you.
You shoot an arrow. The arrow hits the quokka.
You kill the quokka!
Robin hits you from afar with a +0 spear.
The goblin barely misses you. The kobold barely misses you.
Robin barely misses you. The goblin hits you but does no damage.
The kobold hits you but does no damage. The goblin barely misses you.
You shoot an arrow. The arrow hits the kobold.
You kill the kobold!
Robin closely misses you. The goblin hits you with a +0 club.
The goblin closely misses you.
946 ||| READING scroll of teleportation.
As you read the scroll of teleportation, it crumbles to dust.
You feel strangely unstable.
The giant cockroach bites you but does no damage.
A frilled lizard comes into view.
The goblin closely misses you.
Robin's bangles clink loudly.
Robin hits you but does no damage. The giant cockroach misses you.
A quokka comes into view.
You shoot an arrow. The frilled lizard hisses angrily.
The arrow hits the giant cockroach.
The giant cockroach is heavily wounded.
The goblin barely misses you. Robin hits you but does no damage.
The goblin hits you but does no damage.
The hobgoblin hits you but does no damage.
The giant cockroach bites you but does no damage.
You shoot an arrow.
The arrow closely misses the giant cockroach.
Robin hits you but does no damage. The goblin hits you with a +0 club.
You die... ####.. ...r. ....# #g..# ###gg. #.ggg

#.#.#g####
#...g@B..#
#....g###....[
#.#....# ...
.......# .
#.#...#. #
#.#. . .... .
.#### ##


You could see Robin, a quokka, a giant cockroach, 3 hobgoblins and 5 goblins.

Vanquished Creatures
  An adder (D:1)
  3 dart slugs (D:1)
  3 ball pythons (D:1)
  7 hobgoblins
  3 jackals (D:1)
  A quokka (D:2)
  4 bats
  2 frilled lizards (D:1)
  2 goblins
  5 kobolds
  4 rats (D:1)
35 creatures vanquished.

Notes
Turn   | Place    | Note
-------+----------+-------------------------------------------
     0 | D:1      | qw the Gargoyle Hunter began the quest for the Orb.
     0 | D:1      | Reached XP level 1. HP: 12/12 MP: 1/1
     0 | D:1      | 0 ||| qw: Version: 0.3-a-76-g4403597
     0 | D:1      | 0 ||| qw: Game counter: 1033
     0 | D:1      | 0 ||| qw: Melee chars always use a shield: true
     0 | D:1      | 0 ||| qw: God list: Okawaru
     0 | D:1      | 0 ||| qw: Allow faded altars: false
     0 | D:1      | 0 ||| qw: Do Orc after clearing Dungeon:15 true
     0 | D:1      | 0 ||| qw: Do second Lair branch before Depths: true
     0 | D:1      | 0 ||| qw: Lair rune preference: random
     0 | D:1      | 0 ||| qw: Goals: Normal
     0 | D:1      | 0 ||| PLANNING D:1-11
   105 | D:1      | Reached XP level 2. HP: 17/17 MP: 2/2
   333 | D:1      | Found a faded altar of an unknown god.
   472 | D:1      | Reached XP level 3. HP: 21/21 MP: 3/3
   553 | D:1      | Reached skill level 5 in Ranged Weapons
   846 | D:1      | 846 ||| UPGRADING to +0 ring mail.
   856 | D:1      | 856 ||| DROPPING +0 leather armour.
   857 | D:1      | 857 ||| READING 3 scrolls labelled ONIVOE IGIUG.
   858 | D:1      | 858 ||| READING 2 scrolls labelled LOB BEXATZ.
   862 | D:1      | 862 ||| READING scroll labelled LOINAI VIYSOPT.
   863 | D:1      | 863 ||| DRINKING 2 smoky amethyst potions.
   890 | D:1      | 890 ||| READING 2 scrolls of identify.
   890 | D:1      | 890 ||| IDENTIFYING fuming black potion
   891 | D:1      | 891 ||| DROPPING scroll of butterflies.
   892 | D:1      | 892 ||| DROPPING potion of lignification.
   922 | D:2      | 922 ||| STAIRDANCE
   927 | D:1      | Reached skill level 1 in Armour
   936 | D:2      | Noticed Robin
   945 | D:2      | HP: 4/22 [goblin/+0 club[Robin] (3)]
   946 | D:2      | 946 ||| READING scroll of teleportation.
   948 | D:2      | Slain by a goblin

Levels and vault maps discovered:
D:1:      elethiomel_arrival_infinity_welcomes_careful_drivers, layout_basic,
          ebering_ecumenical_altar_abandoned
D:2:      layout_loops_cross, serial_shops, shop, serial_aquarium,
          aquarium_bridge_straight [aquarium_subvault_bridge,
          aquarium_subvault_wall, aquarium_subvault_bridge,
          aquarium_subvault_balcony], aquarium_window_corner, aquarium_window_1,
          aquarium_view_2d, aquarium_balcony_1b, uniq_robin,
          uniq_crazy_yiuf_cottage

Skill      XL: |  1  2  3 |
---------------+----------+-----
Ranged Weapons | 5 |  5.0
Armour         | 1 |  1.0
Fighting       | |  2.7
Dodging        | |  1.5
Stealth        | |  1.1

Action                     || total
---------------------------++-------
   Fire: Shortbow          ||    90
    Use: Scroll            ||     5
         Potion            ||     1
 Armour: Leather armour    ||    14
         Ring mail         ||    27
  Dodge: Dodged            ||    46

Table legend:
 A = Non-vault XP
 B = Vault XP
 C = Vault XP percentage of total XP
 D = Non-vault monster count
 E = Vault monster count
 F = Vault count percentage of total count
                 A         B        C        D         E       F
            +---------+---------+-------+---------+---------+-------
      Total |      70 |       4 |   5.4 |      33 |       2 |   5.7
            +---------+---------+-------+---------+---------+-------
        D:1 |      65 |       0 |   0.0 |      30 |       0 |   0.0
        D:2 |       5 |       4 |  44.4 |       3 |       2 |  40.0
            +---------+---------+-------+---------+---------+-------
